RL
CHANDLERS FIREBIRDS @ NORFOLK CAPTAINS
04/25/2060
 
TOP OF THE 1ST
Chandlers Firebirds batting - Pitching for Norfolk Captains : RHP Gavin Stanley
Pitching: RHP Gavin Stanley
Batting: RHB Camron Rispoli 0-0: Ball
1-0: Ball
2-0: Foul Ball, location: 2F
2-1: Ball
3-1: Base on Balls
Batting: RHB Sean Woodfin 0-0: Ball
1-0: Ball
2-0: Called Strike
2-1: Foul Ball, location: 2F
2-2: Strikes out swinging
Batting: RHB Lucian Goldsmith 0-0: Ball
1-0: Foul Ball, location: 2F
1-1: Swinging Strike
1-2: Strikes out swinging
Batting: RHB Tristen Severson 0-0: Called Strike
0-1: Ball
1-1: Foul Ball, location: 2F
1-2: Strikes out swinging
Top of the 1st over - 0 runs, 0 hits, 0 errors, 1 left on base; Chandlers 0 - Norfolk 0
BOTTOM OF THE 1ST
Norfolk Captains batting - Pitching for Chandlers Firebirds : RHP J.D. Platt
Pitching: RHP J.D. Platt
Batting: RHB Errol Barrett 0-0: SINGLE (Line Drive, 89S, EV 98.8 MPH)
Batting: RHB Harrison Norwood 0-0: Fly out, F7 (Flyball, 7, EV 95.0 MPH)
Batting: RHB Nolan Posner 0-0: 2-RUN HOME RUN (Flyball, 7D, EV 101.2 MPH), Distance : 381 ft
Batting: RHB Nick Edwards 0-0: Ball
1-0: Ball
2-0: Ground out 5-3 (Groundball, 56S, EV 86.2 MPH)
Batting: RHB Kyle Lanier 0-0: Ball
1-0: Foul Ball, location: 2F
1-1: Called Strike
1-2: Ground out 5-3 (Groundball, 5L, EV 81.9 MPH)
Bottom of the 1st over - 2 runs, 2 hits, 0 errors, 0 left on base; Chandlers 0 - Norfolk 2
TOP OF THE 2ND
Chandlers Firebirds batting - Pitching for Norfolk Captains : RHP Gavin Stanley
Batting: LHB Camron LaLonde 0-0: Ball
1-0: Ball
2-0: Called Strike
2-1: SINGLE (Line Drive, 4M, EV 105.6 MPH)
Batting: RHB Lucas Sandoe 0-0: Ball
1-0: Ball
2-0: Ball
3-0: Called Strike
3-1: Called Strike
3-2: Fly out, F9 (Flyball, 89D, EV 77.5 MPH)
Batting: RHB Tim Hines 0-0: Ball
1-0: Ball
2-0: Called Strike
2-1: Fly out, F8 (Line Drive, 78D, EV 93.8 MPH)
Batting: RHB Aidan Cramer 0-0: Ball
1-0: Ball
2-0: Foul Ball, location: 2F
2-1: Foul Ball, location: 2F
2-2: Strikes out swinging
Top of the 2nd over - 0 runs, 1 hit, 0 errors, 1 left on base; Chandlers 0 - Norfolk 2
BOTTOM OF THE 2ND
Norfolk Captains batting - Pitching for Chandlers Firebirds : RHP J.D. Platt
Batting: RHB Devin Smyers 0-0: Ball
1-0: Called Strike
1-1: Foul Ball, location: 2F
1-2: DOUBLE (Flyball, 89D, EV 95.6 MPH)
Batting: RHB Johnathon Beadles 0-0: Ball
1-0: Called Strike
1-1: Ball
2-1: Foul Ball, location: 2F
2-2: Ball
3-2: Fly out, F9 (Flyball, 9D, EV 78.8 MPH)
Runner from 2nd tags up, SAFE at 3rd, no throw by RF
Batting: RHB Charlie Battle 0-0: Called Strike
0-1: Called Strike
0-2: Ball
1-2: Foul Ball, location: 2F
1-2: Ball
2-2: Strikes out looking
Batting: RHB Levi Bellard 0-0: Ball
1-0: Called Strike
1-1: Called Strike
1-2: Foul Ball, location: 2F
1-2: Strikes out swinging
Bottom of the 2nd over - 0 runs, 1 hit, 0 errors, 1 left on base; Chandlers 0 - Norfolk 2
TOP OF THE 3RD
Chandlers Firebirds batting - Pitching for Norfolk Captains : RHP Gavin Stanley
Batting: LHB Ty Monroe 0-0: Ball
1-0: Ball
2-0: Called Strike
2-1: Called Strike
2-2: Ball
3-2: Strikes out swinging
Batting: RHB Camron Rispoli 0-0: Ball
1-0: Ball
2-0: Fly out, F3 (Popup, 23F, EV 80.0 MPH)
Batting: RHB Sean Woodfin 0-0: Ball
1-0: Foul Ball, location: 2F
1-1: Foul Ball, location: 2F
1-2: Strikes out swinging
Top of the 3rd over - 0 runs, 0 hits, 0 errors, 0 left on base; Chandlers 0 - Norfolk 2
BOTTOM OF THE 3RD
Norfolk Captains batting - Pitching for Chandlers Firebirds : RHP J.D. Platt
Batting: RHB Errol Barrett 0-0: Ball
1-0: Ball
2-0: Ball
3-0: Called Strike
3-1: Foul Ball, location: 2F
3-2: Foul Ball, location: 2F
3-2: Foul Ball, location: 2F
3-2: Base on Balls
Batting: RHB Harrison Norwood 0-0: Ball
1-0: Grounds into double play, 4-6-3 (Groundball, 4, EV 105.6 MPH)
Batting: RHB Nolan Posner 0-0: Swinging Strike
0-1: Called Strike
0-2: Foul Ball, location: 2F
0-2: Ball
1-2: Ball
2-2: Ball
3-2: SINGLE (Groundball, 6MD, EV 105.0 MPH)
Batting: RHB Nick Edwards 0-0: Swinging Strike
0-1: Called Strike
0-2: Ball
1-2: Foul Ball, location: 2F
1-2: Strikes out looking
Bottom of the 3rd over - 0 runs, 1 hit, 0 errors, 1 left on base; Chandlers 0 - Norfolk 2
TOP OF THE 4TH
Chandlers Firebirds batting - Pitching for Norfolk Captains : RHP Gavin Stanley
Batting: RHB Lucian Goldsmith 0-0: Called Strike
0-1: Foul Ball, location: 2F
0-2: Foul Ball, location: 2F
0-2: Ball
1-2: Ground out 5-3 (Groundball, 56S, EV 79.4 MPH)
Batting: RHB Tristen Severson 0-0: Swinging Strike
0-1: Fly out, F9 (Flyball, 89S, EV 90.0 MPH)
Batting: LHB Camron LaLonde 0-0: Called Strike
0-1: Called Strike
0-2: Ball
1-2: Ball
2-2: Ground out 6-3 (Groundball, 6D, EV 106.2 MPH)
Top of the 4th over - 0 runs, 0 hits, 0 errors, 0 left on base; Chandlers 0 - Norfolk 2
BOTTOM OF THE 4TH
Norfolk Captains batting - Pitching for Chandlers Firebirds : RHP J.D. Platt
Batting: RHB Kyle Lanier 0-0: Called Strike
0-1: Ball
1-1: Ball
2-1: Ball
3-1: Base on Balls
Batting: RHB Devin Smyers 0-0: DOUBLE (Line Drive, 89D, EV 99.4 MPH)
Kyle Lanier to third
Batting: RHB Johnathon Beadles 0-0: Called Strike
0-1: Swinging Strike
0-2: Ball
Wild Pitch!
Kyle Lanier scores
Devin Smyers to third
1-2: Ball
2-2: Foul Ball, location: 2F
2-2: Strikes out swinging
Batting: RHB Charlie Battle 0-0: Called Strike
0-1: Ball
1-1: Fly out, F7 (Flyball, 78S, EV 75.0 MPH)
Batting: RHB Levi Bellard 0-0: Ball
Wild Pitch!
Devin Smyers scores
1-0: Called Strike
1-1: Ball
2-1: Ball
3-1: Swinging Strike
3-2: Foul Ball, location: 2F
3-2: Base on Balls
Batting: RHB Errol Barrett 0-0: Called Strike
0-1: Ball
1-1: Foul Ball, location: 2F
1-2: Ball
2-2: Ball
3-2: Base on Balls
Levi Bellard to second
Batting: RHB Harrison Norwood 0-0: Swinging Strike
0-1: Ball
Wild Pitch!
Levi Bellard to third
Errol Barrett to second
1-1: Foul Ball, location: 2F
1-2: Foul Ball, location: 2F
1-2: Foul Ball, location: 2F
1-2: Ball
2-2: Ball
3-2: Ground out 6-3 (Groundball, 6, EV 90.6 MPH)
Bottom of the 4th over - 2 runs, 1 hit, 0 errors, 2 left on base; Chandlers 0 - Norfolk 4
TOP OF THE 5TH
Chandlers Firebirds batting - Pitching for Norfolk Captains : RHP Gavin Stanley
Batting: RHB Lucas Sandoe 0-0: Ball
1-0: Called Strike
1-1: Ball
2-1: Called Strike
2-2: Ground out 6-3 (Groundball, 6, EV 83.8 MPH)
Batting: RHB Tim Hines 0-0: Foul Ball, location: 2F
0-1: Ball
1-1: Fly out, F8 (Flyball, 8RD, EV 91.9 MPH)
Batting: RHB Aidan Cramer 0-0: Ball
1-0: Ball
2-0: Ball
3-0: Called Strike
3-1: SINGLE (Line Drive, 9S, EV 104.4 MPH)
Pitching: LHP Karlus Ntawulikura
Batting: LHB Ty Monroe 0-0: Called Strike
0-1: Ball
1-1: Swinging Strike
1-2: Ball
2-2: Strikes out swinging
Top of the 5th over - 0 runs, 1 hit, 0 errors, 1 left on base; Chandlers 0 - Norfolk 4
BOTTOM OF THE 5TH
Norfolk Captains batting - Pitching for Chandlers Firebirds : RHP J.D. Platt
Batting: RHB Nolan Posner 0-0: Ball
1-0: SINGLE (Flyball, 78S, EV 99.4 MPH)
Batting: RHB Nick Edwards 0-0: 2-RUN HOME RUN (Flyball, 7LD, EV 93.8 MPH), Distance : 339 ft
Pitching: RHP Toby Salisbury
Batting: RHB Kyle Lanier 0-0: Ball
1-0: Called Strike
1-1: Ball
2-1: Ball
3-1: Base on Balls
Batting: RHB Devin Smyers 0-0: DOUBLE (Line Drive, 78D, EV 111.9 MPH)
Kyle Lanier to third
Batting: RHB Johnathon Beadles 0-0: Ball
1-0: Ball
2-0: Foul Ball, location: 2F
2-1: Ball
3-1: DOUBLE (Flyball, 8LXD, EV 96.9 MPH)
Kyle Lanier scores
Devin Smyers scores
Batting: RHB Charlie Battle 0-0: Ball
1-0: Fly out, F8 (Flyball, 89M, EV 88.8 MPH)
Batting: RHB Levi Bellard 0-0: Ball
1-0: Foul Ball, location: 2F
1-1: Ball
2-1: Foul Ball, location: 2F
2-2: SINGLE (Groundball, 34S, EV 68.1 MPH) (infield hit)
Johnathon Beadles to third
Batting: RHB Errol Barrett 0-0: Grounds into double play, 5-4-3 (Groundball, 56S, EV 83.1 MPH)
Bottom of the 5th over - 4 runs, 5 hits, 0 errors, 1 left on base; Chandlers 0 - Norfolk 8
TOP OF THE 6TH
Chandlers Firebirds batting - Pitching for Norfolk Captains : LHP Karlus Ntawulikura
Batting: RHB Camron Rispoli 0-0: Swinging Strike
0-1: Ball
1-1: Ball
2-1: SINGLE (Groundball, 6MD, EV 96.2 MPH)
Batting: RHB Sean Woodfin 0-0: Ball
1-0: Called Strike
1-1: Swinging Strike
1-2: Strikes out swinging
Batting: RHB Lucian Goldsmith 0-0: Ball
1-0: Swinging Strike
1-1: Fly out, F8 (Line Drive, 78D, EV 98.1 MPH)
Batting: RHB Tristen Severson 0-0: Ball
1-0: Called Strike
1-1: Foul Ball, location: 2F
1-2: Foul Ball, location: 2F
1-2: Foul Ball, location: 2F
1-2: Ground out 4-3 (Groundball, 34, EV 95.0 MPH)
Top of the 6th over - 0 runs, 1 hit, 0 errors, 1 left on base; Chandlers 0 - Norfolk 8
BOTTOM OF THE 6TH
Norfolk Captains batting - Pitching for Chandlers Firebirds : RHP Toby Salisbury
Batting: RHB Harrison Norwood 0-0: Foul Ball, location: 2F
0-1: Ball
1-1: Called Strike
1-2: Strikes out swinging
Batting: RHB Nolan Posner 0-0: Foul Ball, location: 2F
0-1: Swinging Strike
0-2: Ball
1-2: Ball
2-2: Foul Ball, location: 2F
2-2: Foul Ball, location: 2F
2-2: Ball
3-2: SINGLE (Groundball, 56S, EV 94.4 MPH)
Batting: RHB Nick Edwards 0-0: Ball
1-0: SINGLE (Line Drive, 6D, EV 103.8 MPH)
Nolan Posner to second
Batting: RHB Kyle Lanier 0-0: Ball
1-0: Ball
2-0: Ball
3-0: Base on Balls
Nolan Posner to third
Nick Edwards to second
Batting: RHB Devin Smyers 0-0: Ball
1-0: Ball
2-0: Ball
3-0: Base on Balls
Nolan Posner scores
Nick Edwards to third
Kyle Lanier to second
Batting: RHB Johnathon Beadles 0-0: Ball
1-0: Called Strike
1-1: Foul Ball, location: 2F
1-2: Ball
2-2: GRAND SLAM HOME RUN (Flyball, 7D, EV 94.4 MPH), Distance : 368 ft
Pitching: RHP Oren Hogg
Batting: RHB Charlie Battle 0-0: Ball
1-0: Called Strike
1-1: SOLO HOME RUN (Flyball, 7D, EV 91.9 MPH), Distance : 367 ft
Batting: RHB Levi Bellard 0-0: Called Strike
0-1: Ground out 6-3 (Groundball, 6M, EV 105.6 MPH)
Batting: RHB Errol Barrett 0-0: Called Strike
0-1: Fly out, F6 (Line Drive, 6, EV 65.0 MPH)
Bottom of the 6th over - 6 runs, 4 hits, 0 errors, 0 left on base; Chandlers 0 - Norfolk 14
TOP OF THE 7TH
Chandlers Firebirds batting - Pitching for Norfolk Captains : LHP Karlus Ntawulikura
Batting: LHB Camron LaLonde 0-0: Ground out 5-3 (Groundball, 56S, EV 79.4 MPH)
Batting: RHB Lucas Sandoe 0-0: Ball
1-0: Ball
2-0: Foul Ball, location: 2F
2-1: Foul Ball, location: 2F
2-2: Ball
3-2: Base on Balls
Batting: RHB Tim Hines 0-0: Called Strike
0-1: Foul Ball, location: 2F
0-2: Ball
1-2: Ball
2-2: Ball
3-2: Fly out, F9 (Flyball, 9S, EV 85.6 MPH)
Batting: RHB Aidan Cramer 0-0: Ball
1-0: Called Strike
1-1: Ball
2-1: Ball
3-1: Foul Ball, location: 2F
3-2: Foul Ball, location: 2F
3-2: Base on Balls
Lucas Sandoe to second
Batting: LHB Ty Monroe 0-0: Ball
1-0: Called Strike
1-1: Foul Ball, location: 2F
1-2: Strikes out swinging
Top of the 7th over - 0 runs, 0 hits, 0 errors, 2 left on base; Chandlers 0 - Norfolk 14
BOTTOM OF THE 7TH
Norfolk Captains batting - Pitching for Chandlers Firebirds : RHP Oren Hogg
Batting: RHB Harrison Norwood 0-0: Called Strike
0-1: Called Strike
0-2: Ball
1-2: SINGLE (Line Drive, 89S, EV 108.1 MPH)
Pinch Hitting: RHB Mekale Ustohal 0-0: Ball
1-0: Ball
2-0: Foul Ball, location: 2F
2-1: Called Strike
2-2: Grounds into double play, 5-4-3 (Groundball, 56, EV 76.9 MPH)
Batting: RHB Nick Edwards 0-0: Swinging Strike
0-1: Ball
1-1: SINGLE (Groundball, 6D, EV 95.0 MPH)
Batting: RHB Kyle Lanier 0-0: Fly out, F7 (Flyball, 7LD, EV 104.4 MPH)
Bottom of the 7th over - 0 runs, 2 hits, 0 errors, 1 left on base; Chandlers 0 - Norfolk 14
TOP OF THE 8TH
Chandlers Firebirds batting - Pitching for Norfolk Captains : LHP Karlus Ntawulikura
Now in LF: Mekale Ustohal
Batting: RHB Camron Rispoli 0-0: Called Strike
0-1: Fly out, F6 (Popup, 6MD, EV 49.4 MPH)
Batting: RHB Sean Woodfin 0-0: Ball
1-0: Foul Ball, location: 2F
1-1: Foul Ball, location: 2F
1-2: Ball
2-2: Foul Ball, location: 2F
2-2: Strikes out swinging
Batting: RHB Lucian Goldsmith 0-0: Ball
1-0: Swinging Strike
1-1: Ball
2-1: Ground out 6-3 (Groundball, 6, EV 93.8 MPH)
Top of the 8th over - 0 runs, 0 hits, 0 errors, 0 left on base; Chandlers 0 - Norfolk 14
BOTTOM OF THE 8TH
Norfolk Captains batting - Pitching for Chandlers Firebirds : RHP Oren Hogg
Batting: RHB Devin Smyers 0-0: Ball
1-0: Foul Ball, location: 2F
1-1: Foul Ball, location: 2F
1-2: Ball
2-2: Ball
3-2: Foul Ball, location: 2F
3-2: Ground out 5-3 (Groundball, 56S, EV 71.9 MPH)
Batting: RHB Johnathon Beadles 0-0: Called Strike
0-1: SINGLE (Line Drive, 4D, EV 99.4 MPH)
Pitching: RHP Stedman Ortiz
Batting: RHB Charlie Battle 0-0: Foul Ball, location: 2F
0-1: Ball
1-1: Foul Ball, location: 2F
1-2: Ball
2-2: Grounds into double play, 6-4-3 (Groundball, 6, EV 87.5 MPH)
Bottom of the 8th over - 0 runs, 1 hit, 0 errors, 0 left on base; Chandlers 0 - Norfolk 14
TOP OF THE 9TH
Chandlers Firebirds batting - Pitching for Norfolk Captains : LHP Karlus Ntawulikura
Pitching: RHP LaBradford Rousseau
Batting: RHB Tristen Severson 0-0: Foul Ball, location: 2F
0-1: Swinging Strike
0-2: Ball
1-2: Foul Ball, location: 2F
1-2: Strikes out swinging
Batting: LHB Camron LaLonde 0-0: Ball
1-0: Foul Ball, location: 2F
1-1: Foul Ball, location: 2F
1-2: Fly out, F8 (Line Drive, 8LD, EV 105.6 MPH)
Batting: RHB Lucas Sandoe 0-0: Foul Ball, location: 2F
0-1: Called Strike
0-2: Ball
1-2: Strikes out swinging
Top of the 9th over - 0 runs, 0 hits, 0 errors, 0 left on base; Chandlers 0 - Norfolk 14
Monday, April 29th , 2024 - OOTP Baseball 23.10 Build 110